[Event "Titled Tuesday Blitz May 10 Late 2022"]
[White "Svane, Rasmus"]
[Black "Daggupati, Balaji"]
[WhiteFideId "4657101"]
[BlackFideId "2090759"]
[WhiteElo "2674"]
[BlackElo "2643"]
[Result "1/2-1/2"]
[Round "07"]
[TimeControl "180+1"]
[Date "2022.05.10"]
[WhiteClock "0:00:04"]
[BlackClock "0:00:12"]

1. Nf3 d5 2. g3 Bg4 3. Bg2 c6 4. O-O Nd7 5. h3 Bxf3 6. Bxf3 e5 7. d3 Ngf6 8. e4 dxe4 9. dxe4 Bc5 10. Nd2 O-O 11. Qe2 Re8 12. a4 h6 13. a5 Nf8 14. Nb3 Be7 15. Rd1 Qc7 16. Be3 Ne6 17. h4 c5 18. Qc4 Qc6 19. c3 b5 20. axb6 axb6 21. Rxa8 Rxa8 22. Nd2 b5 23. Qe2 c4 24. Nf1 Bc5 25. Rd5 Nd7 26. Bg4 Bxe3 27. Nxe3 Ndc5 28. Bxe6 fxe6 29. Rxe5 Nd3 30. Rh5 Qxe4 31. Qd1 Nxb2 32. Qf1 b4 33. cxb4 c3 34. Rc5 Qxb4 35. Rc7 Na4 36. Qd3 Qb6 37. Qd7 Qb1+ 38. Kh2 Qg6 39. Qc6 Rf8 40. Qxa4 Rxf2+ 41. Ng2 c2 42. Qa8+ Rf8 43. Qc6 Rf2 44. Rc8+ Kh7 45. Qa8 Qf5 46. Rh8+ Kg6 47. Qe8+ Qf7 48. Qxf7+ Kxf7 49. Rc8 Ke7 50. Kg1 Kd7 51. Rc4 Rf3 52. g4 Rg3 53. Rxc2 Rxg4 54. Kf2 Ke7 55. Rc7+ Kf6 56. Kf3 Ra4 57. Nf4 Ra3+ 58. Kg4 Ra4 59. Kg3 g5 60. hxg5+ hxg5 61. Ng2 Ra3+ 62. Kf2 Ra4 63. Kf3 Ra3+ 64. Ne3 Ra4 65. Rb7 Rf4+ 66. Kg3 Ra4 67. Ng4+ Kf5 68. Rb5+ Kg6 69. Ne5+ Kf6 70. Nf3 Ra3 71. Kg2 Ra2+ 72. Kf1 Ra3 73. Nxg5 Ra1+ 74. Kf2 Ra2+ 75. Kg3 Ra3+ 76. Nf3 e5 77. Kf2 e4 78. Nd4 Rd3 79. Rf5+ Kg6 80. Rd5 Kf6 81. Ke2 Kf7 82. Rd6 Ke8 83. Re6+ Kf7 84. Rxe4 Ra3 85. Nf5 Kf6 86. Ne3 Ra2+ 87. Kf3 Ra3 88. Kf4 Ra1 89. Ng4+ Kf7 90. Ne5+ Ke6 91. Nf3+ Kd6 92. Rd4+ Ke6 93. Ng5+ Kf6 94. Rd6+ Ke7 95. Rb6 Rf1+ 96. Ke5 Re1+ 97. Ne4 Kd7 98. Rg6 Kc7 99. Kd5 Rd1+ 100. Kc4 Rc1+ 101. Nc3 Kd7 102. Kd4 Ke7 103. Ke5 Rxc3 104. Rg7+ Kd8 105. Rg4 Kc7 106. Rd4 1/2-1/2


[Site "https://www.chess.com"]

[Event "Titled Tuesday Blitz May 10 Late 2022"]
[White "Tanenbaum, Zachary"]
[Black "Dubov, Daniil"]
[WhiteFideId "2060850"]
[BlackFideId "24126055"]
[WhiteElo "2168"]
[BlackElo "2791"]
[Result "0-1"]
[Round "07"]
[TimeControl "180+1"]
[Date "2022.05.10"]
[WhiteClock "0:00:03"]
[BlackClock "0:00:42"]

1. e4 c5 2. Nf3 e6 3. d4 cxd4 4. Nxd4 a6 5. Bd3 Bc5 6. Nb3 Ba7 7. O-O d6 8. Qg4 Nf6 9. Qxg7 Rg8 10. Qh6 Nbd7 11. Qh3 Ne5 12. Be3 Bxe3 13. Qxe3 b5 14. N1d2 Bb7 15. h3 d5 16. f4 Nc4 17. Bxc4 bxc4 18. Nd4 dxe4 19. Nxc4 Qc7 20. b3 Nd5 21. Qxe4 O-O-O 22. Qe5 Qc5 23. Rf2 f6 24. Qxe6+ Kb8 25. Rd1 Nc3 26. Rd3 Nb5 27. c3 Nxc3 28. Qb6 Qxb6 29. Nxb6 Nb5 30. Rfd2 Be4 31. Nc6+ Kc7 32. Rxd8 Rg6 33. Na8+ Kxc6 34. R2d6+ Nxd6 35. Rb8 Rxg2+ 36. Kf1 Rxa2 37. Rb6+ Kd7 38. b4 Bxa8 39. f5 Kc7 0-1


[Site "https://www.chess.com"]

[Event "Titled Tuesday Blitz May 10 Late 2022"]
[White "Voiteanu, Gabriel"]
[Black "Wagner, Dinara"]
[WhiteFideId "1208810"]
[BlackFideId "24157570"]
[WhiteElo "2001"]
[BlackElo "2216"]
[Result "0-1"]
[Round "07"]
[TimeControl "180+1"]
[Date "2022.05.11"]
[WhiteClock "0:00:02"]
[BlackClock "0:00:53"]

1. d4 Nf6 2. g3 d5 3. Bg2 Bf5 4. Nf3 c6 5. O-O Nbd7 6. Nbd2 h6 7. c4 e6 8. Qb3 Qb6 9. c5 Qxb3 10. Nxb3 b6 11. Bf4 bxc5 12. dxc5 Ne4 13. Nfd4 Rc8 14. Nxf5 exf5 15. Bxe4 fxe4 16. Rac1 Be7 17. Bd6 f5 18. f3 g6 19. fxe4 dxe4 20. g4 Bg5 21. Rc4 Kf7 22. gxf5 gxf5 23. Rxf5+ Kg6 24. Nd4 Be3+ 25. Kg2 Bxd4 26. Rf4 Bxb2 27. Rb4 Bf6 28. Rbxe4 Rhe8 29. Rg4+ Kh7 30. Ra4 Ra8 31. e4 Ne5 32. Rf4 Bg5 33. Rf5 Nd3 34. Kf3 Kg6 35. Ra6 Ne1+ 36. Kf2 Rxe4 37. Re5 Nd3+ 0-1


[Site "https://www.chess.com"]

[Event "Titled Tuesday Blitz May 10 Late 2022"]
[White "Vujic, Mihailo"]
[Black "Papasimakopoulos, Alexandros"]
[WhiteFideId "918873"]
[BlackFideId "4244125"]
[WhiteElo "2256"]
[BlackElo "2340"]
[Result "0-1"]
[Round "07"]
[TimeControl "180+1"]
[Date "2022.05.11"]
[WhiteClock "0:00:01"]
[BlackClock "0:02:22"]

1. e4 e6 2. d4 d5 3. Nc3 Bb4 4. e5 b6 5. a3 Bf8 6. Nf3 Ne7 7. Be3 Qd7 8. a4 a5 9. Be2 Nf5 10. O-O Bb4 11. Bd3 Bxc3 12. bxc3 O-O 13. Bxf5 exf5 14. Re1 Nc6 15. h3 Ne7 16. Nh2 Bb7 17. Qh5 Bc6 18. g4 Qe6 19. Kh1 fxg4 20. Nxg4 Kh8 21. Rg1 Qf5 22. Qh4 Qf3+ 23. Kh2 Ng6 24. Qg5 Bd7 25. Rg3 Qf5 26. h4 Qxg5 27. hxg5 Bf5 28. Rc1 Rfb8 29. f4 b5 30. axb5 Rxb5 31. Bd2 a4 32. Ne3 Ne7 33. Ra1 a3 34. Rgg1 a2 35. Kg3 Be4 36. Kf2 Ng6 37. f5 Ne7 38. f6 Ng6 39. fxg7+ Kxg7 40. Ke2 Rb2 41. Rgc1 Nf4+ 42. Kf2 Kg6 43. Ng4 Nh3+ 44. Kg3 Nxg5 45. Nf6 Nf3 0-1


[Site "https://www.chess.com"]

[Event "Titled Tuesday Blitz May 10 Late 2022"]
[White "Vusatiuk, Vladimir"]
[Black "Janaszak, Dawid"]
[WhiteFideId "14118610"]
[BlackFideId "1119206"]
[WhiteElo "2157"]
[BlackElo "2199"]
[Result "0-1"]
[Round "07"]
[TimeControl "180+1"]
[Date "2022.05.11"]
[WhiteClock "0:00:11"]
[BlackClock "0:00:22"]

1. Nf3 c5 2. b3 b6 3. Bb2 Bb7 4. g3 Nf6 5. Bg2 g6 6. O-O Bg7 7. c4 O-O 8. d3 d6 9. e4 e5 10. Nc3 Nc6 11. Nd5 Nxd5 12. cxd5 Nd4 13. Nxd4 cxd4 14. f4 f5 15. exf5 gxf5 16. Qh5 Qe8 17. Qxe8 Raxe8 18. Ba3 e4 19. Bxd6 Rf7 20. Rfe1 Bxd5 21. Rad1 Rd7 22. dxe4 Bxe4 23. Bb4 d3 24. Bd2 Rc7 25. g4 Kf7 26. gxf5 Bxf5 27. Rxe8 Kxe8 28. Re1+ Kd7 29. Bb4 Bf6 30. Rd1 a5 31. Be1 Rc2 32. Bf1 Ke6 33. Bxd3 Bxd3 34. Rxd3 Rc1 35. Re3+ Kf5 36. Kf1 Kxf4 37. Re6 Bh4 38. a4 h5 39. h3 Bg3 40. Rf6+ Kg5 41. Rxb6 Bxe1 42. Ke2 Bb4 43. Rb5+ Kh4 44. Kf3 Rc3+ 45. Ke4 Rxb3 46. Kd5 Rxh3 47. Kc4 Rc3+ 48. Kd5 Ra3 49. Kc4 Rxa4 50. Kb3 Ra3+ 51. Kb2 Kg4 52. Rb8 Rg3 53. Rg8+ Kh3 54. Rh8 h4 55. Rh7 Rg4 56. Kb3 Kg2 57. Ka4 h3 58. Rg7 Rxg7 0-1


[Site "https://www.chess.com"]

[Event "Titled Tuesday Blitz May 10 Late 2022"]
[White "Wagner, Dennis"]
[Black "Barria Zuniga, Daniel"]
[WhiteFideId "24650684"]
[BlackFideId "3400816"]
[WhiteElo "2355"]
[BlackElo "2414"]
[Result "0-1"]
[Round "07"]
[TimeControl "180+1"]
[Date "2022.05.10"]
[WhiteClock "0:00:14"]
[BlackClock "0:00:52"]

1. Nf3 d5 2. e3 g6 3. c4 Bg7 4. cxd5 Qxd5 5. Nc3 Qd8 6. Be2 Nf6 7. O-O O-O 8. d4 c5 9. dxc5 Qa5 10. Bd2 Qxc5 11. Rc1 Nc6 12. e4 Qb6 13. Qc2 Bg4 14. Be3 Qa5 15. h3 Bxf3 16. Bxf3 Rac8 17. Qb3 b6 18. Be2 e6 19. Rfd1 Rfd8 20. Bb5 Nd7 21. Bxc6 Rxc6 22. Bg5 Qxg5 23. Qa4 Rc7 24. Qa6 Nc5 25. Qe2 Rcd7 26. Rxd7 Rxd7 27. Rd1 Bxc3 28. bxc3 Rxd1+ 29. Qxd1 Nxe4 30. Qd4 Qd5 0-1


[Site "https://www.chess.com"]

[Event "Titled Tuesday Blitz May 10 Late 2022"]
[White "Weber, Samuel"]
[Black "Souleidis, Georgios"]
[WhiteFideId "12924008"]
[BlackFideId "4206827"]
[WhiteElo "2215"]
[BlackElo "2401"]
[Result "0-1"]
[Round "07"]
[TimeControl "180+1"]
[Date "2022.05.11"]
[WhiteClock "0:00:01"]
[BlackClock "0:00:23"]

1. b3 d5 2. Bb2 Bf5 3. Nf3 e6 4. d3 Nf6 5. Nbd2 h6 6. g3 Bh7 7. Bg2 c6 8. O-O Nbd7 9. c4 Be7 10. a3 O-O 11. b4 a5 12. Qb3 Qc7 13. Rfe1 axb4 14. axb4 Qb6 15. c5 Qc7 16. d4 b6 17. Rxa8 Rxa8 18. Ra1 Rb8 19. Qc3 bxc5 20. bxc5 Qb7 21. Bc1 Ne4 22. Nxe4 Bxe4 23. Nd2 Bg6 24. e3 e5 25. Bf1 exd4 26. exd4 Bf6 27. Ra6 Nf8 28. Rb6 Qc8 29. Qb4 Ra8 30. Nf3 Ne6 31. Bh3 Kh7 32. Kg2 Be4 33. Bg4 Qe8 34. Rb7 Nxd4 35. Be3 Ne6 36. Qb6 d4 37. Bd2 Bg5 38. Qb2 Bxd2 39. Qxd2 Rd8 40. h4 Nxc5 41. Rc7 Ne6 42. Qe2 Nxc7 0-1


[Site "https://www.chess.com"]

[Event "Titled Tuesday Blitz May 10 Late 2022"]
[White "Wieczorek, Oskar"]
[Black "Derraugh, Geordie"]
[WhiteFideId "1133950"]
[BlackFideId "2603950"]
[WhiteElo "2330"]
[BlackElo "2116"]
[Result "0-1"]
[Round "07"]
[TimeControl "180+1"]
[Date "2022.05.11"]
[WhiteClock "0:00:36"]
[BlackClock "0:00:18"]

1. e4 c5 2. Nf3 d6 3. c3 Nf6 4. h3 Nc6 5. Bd3 g6 6. Bc2 Bg7 7. d4 cxd4 8. cxd4 O-O 9. Nc3 Nb4 10. Bb1 b6 11. a3 Nc6 12. O-O Bb7 13. Bd3 Rc8 14. Be3 Na5 15. Qe2 d5 16. e5 Ne4 17. Bxe4 dxe4 18. Ng5 Nc4 19. Rac1 f5 20. exf6 Rxf6 21. Ncxe4 Rfc6 22. Qg4 Nxe3 23. fxe3 h5 24. Qf3 Rxc1 25. Qf7+ Kh8 26. Qxg6 Rxf1+ 27. Kxf1 Qf8+ 28. Nf2 Rc1+ 29. Ke2 Ba6+ 30. Kd2 Qxf2+ 31. Kxc1 Qxe3+ 32. Kd1 Qd3+ 0-1


[Site "https://www.chess.com"]

[Event "Titled Tuesday Blitz May 10 Late 2022"]
[White "Xiong, Jeffery"]
[Black "Kazakouski, Valery"]
[WhiteFideId "2047640"]
[BlackFideId "13507443"]
[WhiteElo "2727"]
[BlackElo "2524"]
[Result "0-1"]
[Round "07"]
[TimeControl "180+1"]
[Date "2022.05.10"]
[WhiteClock "0:00:02"]
[BlackClock "0:00:10"]

1. d4 Nf6 2. c4 e6 3. Nc3 Bb4 4. Nf3 d6 5. Qc2 Nc6 6. a3 Bxc3+ 7. Qxc3 O-O 8. b4 e5 9. dxe5 Nxe5 10. Bb2 Re8 11. Nxe5 dxe5 12. Rd1 Qe7 13. g3 a5 14. Bg2 axb4 15. axb4 Ra4 16. c5 h5 17. h3 c6 18. O-O Bf5 19. f4 Ne4 20. Qe3 exf4 21. Rxf4 Bg6 22. Rd4 Ng5 23. Qb3 Raa8 24. Rd6 Qe3+ 25. Qxe3 Rxe3 26. b5 Rxe2 27. bxc6 bxc6 28. Bc3 Raa2 29. Bf1 Rec2 30. h4 Rxc3 31. hxg5 Rxg3+ 32. Kh1 Rxg5 33. Rxc6 Rc2 34. Rc8+ Kh7 35. c6 Rc1 36. Kh2 Rc2+ 37. Kh1 Rc1 38. Kh2 Rgc5 39. Bg2 Kh6 40. Rf2 Kg5 41. Rd2 h4 42. Rh8 R5c2 43. Rxc2 Rxc2 44. Kg1 Kg4 45. Rd8 Kg3 46. Bf1 Rxc6 47. Rd2 h3 48. Rh2 Bf5 49. Bxh3 Bxh3 50. Rg2+ Kf4 51. Rxg7 Be6 52. Kf2 Rc2+ 53. Ke1 f5 54. Rg6 Bd5 55. Rh6 Be4 56. Kd1 Ra2 57. Kc1 Ke3 58. Rh3+ Bf3 59. Kb1 Rg2 60. Kc1 f4 0-1


[Site "https://www.chess.com"]

[Event "Titled Tuesday Blitz May 10 Late 2022"]
[White "Adla, Diego"]
[Black "Aksu, Vedat Ali"]
[WhiteFideId "100072"]
[BlackFideId "6304320"]
[WhiteElo "2377"]
[BlackElo "2194"]
[Result "1-0"]
[Round "08"]
[TimeControl "180+1"]
[Date "2022.05.11"]
[WhiteClock "0:00:10"]
[BlackClock "0:00:07"]

1. e4 c5 2. Nf3 e6 3. d3 Nc6 4. g3 Nf6 5. Bg2 b6 6. O-O Bb7 7. Re1 Qc7 8. c3 Ne7 9. a4 Ng6 10. Na3 a6 11. h3 h5 12. Bg5 Be7 13. e5 Nd5 14. Nc4 f6 15. exf6 gxf6 16. Nh4 fxg5 17. Nxg6 Rh6 18. Nxe7 Kxe7 19. Qd2 Rg6 20. Ne5 Rg7 21. Qe2 Rf8 22. Qxh5 Nf4 23. Qh6 Rgg8 24. Qh7+ Kd8 25. gxf4 gxf4 26. Ng4 Bxg2 27. Kxg2 f3+ 28. Kg1 Qf4 29. Re4 Qd2 30. Qh4+ Kc8 31. Qg3 Qxd3 32. Rae1 Rf5 33. R4e3 Qd5 34. Re5 Qd3 35. b4 cxb4 36. cxb4 Rgf8 37. Rxf5 Rxf5 38. Rc1+ Kd8 39. Qh4+ Ke8 40. Rc8+ Kf7 41. Qh7# 1-0


[Site "https://www.chess.com"]

[Event "Titled Tuesday Blitz May 10 Late 2022"]
[White "Aggelis, Nikolaos"]
[Black "Lin, Dachey"]
[WhiteFideId "4213220"]
[BlackFideId "2029650"]
[WhiteElo "2154"]
[BlackElo "2313"]
[Result "0-1"]
[Round "08"]
[TimeControl "180+1"]
[Date "2022.05.10"]
[WhiteClock "0:00:05"]
[BlackClock "0:01:00"]

1. d4 g6 2. Nf3 Bg7 3. g3 c5 4. Bg2 cxd4 5. O-O Nc6 6. c3 dxc3 7. Nxc3 Nf6 8. e4 d6 9. Re1 O-O 10. Nd5 Nxd5 11. exd5 Ne5 12. Nd4 Qb6 13. Be3 Qxb2 14. Rb1 Qxa2 15. Ra1 Qc4 16. Ra4 Qc7 17. Nb5 Qd7 18. Rxa7 Rxa7 19. Nxa7 b5 20. Qb3 Qf5 21. Nxc8 Rxc8 22. Qxb5 Nf3+ 23. Bxf3 Qxf3 24. Qd7 Ra8 25. Qxe7 Qxd5 0-1


[Site "https://www.chess.com"]

[Event "Titled Tuesday Blitz May 10 Late 2022"]
[White "Akrakan"]
[Black "Curtis, John"]
[BlackFideId "3200256"]
[WhiteElo "2122"]
[BlackElo "2203"]
[Result "0-1"]
[Round "08"]
[TimeControl "180+1"]
[Date "2022.05.11"]
[WhiteClock "0:00:52"]
[BlackClock "0:00:58"]

1. e4 c5 2. Nf3 e6 3. c3 d5 4. e5 Bd7 5. d4 Qb6 6. a3 Bb5 7. Be2 Bxe2 8. Qxe2 cxd4 9. cxd4 Nc6 10. Be3 Nge7 11. O-O Nf5 12. Rd1 Nxe3 13. fxe3 Be7 14. Nc3 O-O 15. Rac1 f6 16. exf6 Bxf6 17. Na4 Qc7 18. Nc5 Qe7 19. Qb5 Nd8 20. Nd3 Nc6 21. Qc5 Qf7 22. b4 a6 23. a4 Be7 24. Qc3 Bd6 25. b5 axb5 26. axb5 Na5 27. Nde5 Qf5 28. Rf1 b6 29. Qd2 Nb3 30. Qe2 Nxc1 31. Rxc1 Bxe5 32. Nxe5 Ra3 33. h3 Qe4 34. Re1 Rb3 35. Kh2 g6 36. Kg1 Kg7 37. Kh2 Rf5 38. Rc1 Qxe3 39. Rc7+ Kg8 40. Qxe3 Rxe3 41. Rc6 Rexe5 42. dxe5 Rxe5 43. Rxb6 d4 44. Rd6 Rxb5 45. Rxd4 Rb7 46. Kg3 e5 47. Re4 Re7 48. Kg4 Kf7 49. Kg5 Ke6 50. Kg4 Kd5 51. Kf3 Ra7 52. h4 Ra3+ 53. Re3 e4+ 54. Kf4 Rxe3 55. Kxe3 h5 56. g3 Ke5 0-1


[Site "https://www.chess.com"]

[Event "Titled Tuesday Blitz May 10 Late 2022"]
[White "Alexiadis, Hristos"]
[Black "Perez Molina, Robinson"]
[WhiteFideId "4249623"]
[BlackFideId "3403882"]
[WhiteElo "2416"]
[BlackElo "2252"]
[Result "1-0"]
[Round "08"]
[TimeControl "180+1"]
[Date "2022.05.11"]
[WhiteClock "0:01:32"]
[BlackClock "0:00:42"]

1. e4 e5 2. Nf3 Nc6 3. Bb5 a6 4. Ba4 Nf6 5. Nc3 Bc5 6. O-O b5 7. Bb3 d6 8. Nd5 Na5 9. d4 exd4 10. Bg5 Nxb3 11. axb3 Bg4 12. h3 Bh5 13. g4 Bg6 14. Re1 h6 15. Bh4 c6 16. Nxf6+ gxf6 17. e5 Qb6 18. exd6+ Kd7 19. Bxf6 Rhe8 20. Ne5+ Kxd6 21. Qf3 Kc7 22. Nxg6 fxg6 23. Be5+ Rxe5 24. Rxe5 Rf8 25. Qd3 Rf6 26. Rae1 Qb8 27. Rxc5 1-0


[Site "https://www.chess.com"]

[Event "Titled Tuesday Blitz May 10 Late 2022"]
[White "Antonova, Nadezhda"]
[Black "Qashashvili, Alexandre"]
[WhiteFideId "14700182"]
[BlackFideId "13600842"]
[WhiteElo "1743"]
[BlackElo "2316"]
[Result "0-1"]
[Round "08"]
[TimeControl "180+1"]
[Date "2022.05.11"]
[WhiteClock "0:00:04"]
[BlackClock "0:00:51"]

1. Nf3 c6 2. b3 d5 3. Bb2 Nf6 4. g3 Bf5 5. Bg2 Qc8 6. O-O Bh3 7. Bxh3 Qxh3 8. Ng5 Qh5 9. h4 h6 10. Nf3 Nbd7 11. d3 e5 12. Nbd2 Bd6 13. e4 O-O-O 14. Nh2 Qxd1 15. Raxd1 dxe4 16. Nxe4 Nxe4 17. dxe4 Bc5 18. Kg2 f6 19. f3 Nb6 20. Ng4 Rxd1 21. Rxd1 Rd8 22. Rxd8+ Kxd8 23. Kf1 Ke7 24. Ke2 Nd7 25. Bc1 Nf8 26. h5 Ne6 27. c3 a5 28. Be3 Kd6 29. Kd3 b5 30. Bxc5+ Kxc5 31. a3 b4 32. axb4+ axb4 33. Ne3 bxc3 34. Kxc3 Nd4 35. b4+ Kb5 36. Nf5 Nxf3 37. Nxg7 Ng5 38. Kd3 Kxb4 39. Nf5 Nf7 40. Ne3 Nd6 41. Nc2+ Kb3 42. Ne3 c5 43. Nd5 c4+ 44. Kd2 Nxe4+ 45. Ke3 Nxg3 46. Nxf6 c3 47. Nd5 Nxh5 48. Nxc3 Kxc3 49. Ke4 Nf6+ 50. Kxe5 h5 51. Kf5 Kd4 52. Kxf6 h4 0-1


[Site "https://www.chess.com"]

[Event "Titled Tuesday Blitz May 10 Late 2022"]
[White "Atanejhad, Sahebali"]
[Black "Papp, Levente"]
[WhiteFideId "12506664"]
[BlackFideId "751243"]
[WhiteElo "1953"]
[BlackElo "2308"]
[Result "0-1"]
[Round "08"]
[TimeControl "180+1"]
[Date "2022.05.11"]
[WhiteClock "0:00:03"]
[BlackClock "0:00:13"]

1. d4 e6 2. c4 Nf6 3. Nf3 d5 4. Nc3 Bb4 5. Bg5 c6 6. e3 Nbd7 7. Nd2 e5 8. cxd5 exd4 9. exd4 h6 10. Qe2+ Kf8 11. dxc6 bxc6 12. Be3 a5 13. Qf3 Bb7 14. Bc4 Qb6 15. O-O c5 16. Qf4 cxd4 17. Bxd4 Qc6 18. f3 Bd6 19. Qe3 Re8 20. Qf2 Be5 21. Bb5 Qc7 22. Bxe5 Rxe5 23. Rae1 g6 24. Bxd7 Nxd7 25. Rxe5 Nxe5 26. Qd4 Kg8 27. Nde4 Nc6 28. Nf6+ Kf8 29. Nd7+ Kg8 30. Nf6+ Kf8 31. Qc5+ Kg7 32. Ncd5 Qe5 33. Qb6 Qd4+ 34. Qxd4 Nxd4 35. Rd1 Ne6 36. Rc1 Rd8 37. Nc3 Kxf6 38. h3 Rd2 39. b3 Nd4 40. Kh2 Nxf3+ 41. Kg3 Ne5 42. Rf1+ Kg7 43. Re1 Rxg2+ 44. Kh4 Nf3# 0-1


[Site "https://www.chess.com"]

[Event "Titled Tuesday Blitz May 10 Late 2022"]
[White "Babazada, Khazar"]
[Black "Khripachenko, Alexander"]
[WhiteFideId "13413554"]
[BlackFideId "54184975"]
[WhiteElo "2406"]
[BlackElo "2138"]
[Result "1-0"]
[Round "08"]
[TimeControl "180+1"]
[Date "2022.05.10"]
[WhiteClock "0:01:23"]
[BlackClock "0:00:17"]

1. Nf3 Nf6 2. g3 g6 3. Bg2 Bg7 4. O-O O-O 5. c4 d5 6. cxd5 Nxd5 7. Nc3 Nb6 8. d3 Nc6 9. Bd2 e5 10. Qc1 Re8 11. Bh6 Bh8 12. Re1 Nd4 13. Nxd4 exd4 14. Ne4 c6 15. a4 a5 16. h4 Nd5 17. h5 Bf5 18. hxg6 hxg6 19. Bf3 Bg7 20. Kg2 f6 21. Rh1 Qe7 22. Bxg7 Qxg7 23. Nd6 Re5 24. Nxf5 Rxf5 25. Rh4 Rg5 26. Rxd4 Rd8 27. Rh4 Ne7 28. Qc4+ Kf8 29. Rah1 Qf7 30. Rh8+ Ng8 31. Rxg8+ Qxg8 32. Qc3 Kg7 33. b4 axb4 34. Qxb4 Qf7 35. Qh4 Kf8 36. Rb1 Qg7 37. Rxb7 Qxb7 38. Qh8+ 1-0


[Site "https://www.chess.com"]

[Event "Titled Tuesday Blitz May 10 Late 2022"]
[White "Baches Garcia, Guillermo"]
[Black "Ramirez Vido, Robert Yorisan"]
[WhiteFideId "2209764"]
[BlackFideId "3513823"]
[WhiteElo "2504"]
[BlackElo "2350"]
[Result "1-0"]
[Round "08"]
[TimeControl "180+1"]
[Date "2022.05.11"]
[WhiteClock "0:00:02"]
[BlackClock "0:00:01"]

1. e4 d6 2. d4 Nf6 3. f3 c6 4. Ne2 Nbd7 5. c4 e5 6. Nbc3 Be7 7. Be3 a6 8. g4 Qa5 9. Qd2 exd4 10. Nxd4 Ne5 11. g5 Nfd7 12. f4 Ng6 13. Nf5 Nc5 14. Nxe7 Nxe7 15. O-O-O Bg4 16. Be2 Bxe2 17. Qxe2 O-O-O 18. Rd2 Rhe8 19. Rhd1 Ng6 20. Qg2 Kc7 21. Kb1 Na4 22. Bd4 Nxf4 23. Qf2 Nxc3+ 24. Bxc3 Qxg5 25. Rg1 Qh6 26. Bxg7 Qe6 27. Qxf4 Qxc4 28. Re1 Re6 29. Bc3 Rd7 30. Qf2 Rxe4 31. Red1 d5 32. Ba5+ Kb8 33. Qf6 Re8 34. Bb6 Qb4 35. Bg1 Qe4+ 36. Ka1 Rde7 37. a3 Qc4 38. Qf2 Re2 39. Qa7+ Kc8 40. Rd4 Qc2 41. Qb6 1-0


[Site "https://www.chess.com"]

[Event "Titled Tuesday Blitz May 10 Late 2022"]
[White "Barria Zuniga, Daniel"]
[Black "Rorrer, Grayson"]
[WhiteFideId "3400816"]
[BlackFideId "30944996"]
[WhiteElo "2414"]
[BlackElo "2122"]
[Result "1/2-1/2"]
[Round "08"]
[TimeControl "180+1"]
[Date "2022.05.10"]
[WhiteClock "0:00:12"]
[BlackClock "0:00:01"]

1. c4 e5 2. g3 c6 3. Bg2 d5 4. cxd5 cxd5 5. d4 e4 6. Nh3 Nc6 7. O-O h6 8. Nc3 Nf6 9. Bf4 Bb4 10. Rc1 O-O 11. a3 Bxc3 12. Rxc3 Bf5 13. Be5 Nd7 14. Nf4 Ndxe5 15. dxe5 d4 16. Rc5 Qe7 17. b4 Rad8 18. Qb1 d3 19. exd3 exd3 20. Nd5 Qe6 21. f4 Nd4 22. Ne3 d2 23. Nxf5 Nxf5 24. Bh3 Qd7 25. Bxf5 Qd4+ 26. Kg2 d1=Q 27. Rxd1 Qxd1 28. Qxd1 Rxd1 29. Rc7 Ra1 30. Rxb7 Rxa3 31. e6 fxe6 32. Bxe6+ Kh8 33. f5 Ra1 34. h4 Rb1 35. Kf3 a5 36. b5 a4 37. Ra7 Rxb5 38. Rxa4 Re5 39. Kg4 g6 40. Rf4 gxf5+ 41. Bxf5 Rg8+ 42. Kh5 Rxg3 43. Kxh6 Rd5 44. Bg6 Rd8 45. Rf7 Kg8 46. h5 Rg1 47. Rg7+ Kf8 48. Rh7 Rd2 49. Rf7+ Kg8 50. Re7 Rd8 51. Bf5 Rd6+ 52. Bg6 Rd8 53. Rg7+ Kf8 54. Rh7 Rd6 55. Rh8+ Ke7 56. Kg7 Re6 57. Re8+ Kd7 58. Rxe6 Kxe6 59. h6 Rh1 60. h7 Rxh7+ 61. Bxh7 1/2-1/2


[Site "https://www.chess.com"]

[Event "Titled Tuesday Blitz May 10 Late 2022"]
[White "Bernal Moro, Luis Javier"]
[Black "Ng, Gary"]
[WhiteFideId "2200236"]
[BlackFideId "2604914"]
[WhiteElo "2373"]
[BlackElo "2245"]
[Result "1/2-1/2"]
[Round "08"]
[TimeControl "180+1"]
[Date "2022.05.11"]
[WhiteClock "0:00:05"]
[BlackClock "0:00:04"]

1. c4 e5 2. Nc3 Nf6 3. Nf3 Nc6 4. e3 g6 5. d4 d6 6. d5 Ne7 7. e4 Bg7 8. h3 O-O 9. g4 Ne8 10. Rg1 Kh8 11. Bd3 c6 12. Bg5 h6 13. Bh4 g5 14. Bg3 Ng6 15. Nd2 Nf4 16. Bf1 cxd5 17. cxd5 Bd7 18. Qb3 Rb8 19. a4 a6 20. Nd1 b5 21. a5 Rc8 22. Ne3 Nf6 23. f3 Ng8 24. Bf2 Ne7 25. h4 Neg6 26. hxg5 Qxg5 27. Rh1 Rc7 28. Kd1 Rfc8 29. Nf5 Bxf5 30. gxf5 Nf8 31. Be3 Nh7 32. Rg1 Qf6 33. Qb4 Ng5 34. Nb3 Kh7 35. Rc1 Rxc1+ 36. Nxc1 Nxf3 37. Rg3 Ng5 38. Ne2 Qe7 39. Nxf4 exf4 40. Bxf4 Qxe4 41. Qxe4 Nxe4 42. Re3 Nf2+ 43. Ke1 Ng4 44. Re7 Kg8 45. Ra7 Bxb2 46. Rxa6 Bc3+ 47. Kd1 b4 48. Rb6 Ra8 49. Rb5 b3 50. Rxb3 Bxa5 51. Rg3 h5 52. Be2 Kf8 53. Bxg4 hxg4 54. Bh6+ Ke7 55. Rxg4 Rc8 56. Bg5+ Kd7 57. Re4 Rc5 58. Re7+ Kc8 59. Rxf7 Rxd5+ 60. Ke2 Bc3 61. Kf3 Rd3+ 62. Kg4 d5 63. Kh5 d4 64. Kg6 Rf3 65. Rf8+ Kd7 66. f6 d3 67. f7 d2 68. Rd8+ Kc7 69. Rxd2 Bxd2 70. Bxd2 Rxf7 71. Kxf7 1/2-1/2


[Site "https://www.chess.com"]

[Event "Titled Tuesday Blitz May 10 Late 2022"]
[White "Bettalli, Francesco"]
[Black "Tanenbaum, Zachary"]
[WhiteFideId "2816453"]
[BlackFideId "2060850"]
[WhiteElo "2216"]
[BlackElo "2168"]
[Result "1-0"]
[Round "08"]
[TimeControl "180+1"]
[Date "2022.05.11"]
[WhiteClock "0:01:45"]
[BlackClock "0:00:08"]

1. d4 d5 2. Nc3 Nf6 3. Bf4 a6 4. e3 Bf5 5. f3 e6 6. g4 Bg6 7. h4 h5 8. g5 Nfd7 9. Bd3 Bxd3 10. Qxd3 g6 11. Nge2 Bg7 12. O-O c5 13. Rad1 O-O 14. Bg3 Nc6 15. Bd6 Re8 16. dxc5 Ne7 17. e4 Qa5 18. exd5 Nxc5 19. Qe3 Rac8 20. Bxc5 Nf5 21. Bb6 Qb4 22. Qf2 Qxb2 23. d6 Red8 24. Bxd8 Rxd8 25. Ne4 Qa3 26. d7 Ne3 27. Rd3 Qxa2 28. Qxe3 Qxc2 29. Rc1 Qb2 30. Rc8 1-0


[Site "https://www.chess.com"]

[Event "Titled Tuesday Blitz May 10 Late 2022"]
[White "Bjelobrk, Igor"]
[Black "Batsiashvili, Nino"]
[WhiteFideId "4300726"]
[BlackFideId "13602993"]
[WhiteElo "2335"]
[BlackElo "2193"]
[Result "1-0"]
[Round "08"]
[TimeControl "180+1"]
[Date "2022.05.10"]
[WhiteClock "0:01:31"]
[BlackClock "0:01:29"]

1. Nf3 d5 2. d4 Nf6 3. c4 e6 4. g3 Bb4+ 5. Bd2 Be7 6. Bg2 O-O 7. O-O c6 8. Qc2 Nbd7 9. Rd1 a5 10. b3 Ne4 11. Bc1 f5 12. e3 g5 13. Ba3 g4 14. Ne1 Bxa3 15. Nxa3 h5 16. Nd3 h4 17. Nb1 Rf6 18. Nc3 Rh6 19. Ne2 Nf8 20. Nef4 Bd7 21. Ne5 Be8 22. Bxe4 dxe4 23. a3 Qf6 24. b4 hxg3 25. fxg3 b6 26. c5 b5 27. a4 axb4 28. axb5 Rxa1 29. Rxa1 cxb5 30. Ra8 Qh8 31. Rxe8 b3 32. Qxb3 b4 33. Rxf8+ Kxf8 34. Neg6+ Rxg6 35. Nxg6+ Kg7 36. Nxh8 1-0


[Site "https://www.chess.com"]

[Event "Titled Tuesday Blitz May 10 Late 2022"]
[White "Blackman, Justin"]
[Black "Malka, Samuel"]
[WhiteFideId "11100516"]
[BlackFideId "20643675"]
[WhiteElo "2112"]
[BlackElo "2536"]
[Result "1-0"]
[Round "08"]
[TimeControl "180+1"]
[Date "2022.05.11"]
[WhiteClock "0:00:42"]
[BlackClock "0:00:02"]

1. e4 g6 2. d4 Bg7 3. Nc3 d6 4. Be3 a6 5. Qd2 b5 6. f3 Bb7 7. h4 h5 8. Nh3 Nd7 9. Ng5 e6 10. a4 b4 11. Ne2 a5 12. Nf4 Nf8 13. Bb5+ c6 14. Bd3 Ne7 15. c3 e5 16. Ne2 f6 17. Nh3 bxc3 18. bxc3 Ba6 19. Bxa6 Rxa6 20. O-O Nd7 21. f4 Bh6 22. fxe5 Bxe3+ 23. Qxe3 dxe5 24. dxe5 Nxe5 25. Nd4 Qd6 26. Rab1 Ra8 27. Rb7 Rb8 28. Rfb1 O-O 29. Nf4 Ng4 30. Qf3 c5 31. Rxb8 Rxb8 32. Nb5 Qe5 33. Rd1 g5 34. Nxh5 Qh2+ 35. Kf1 Qxh4 36. Qxg4 Qh1+ 37. Ke2 Qh2 38. Nxf6+ Kf7 39. Nd6+ Kxf6 40. Rf1+ Ke5 41. Nc4# 1-0


[Site "https://www.chess.com"]